 Dungeon Crawl Stone Soup version 0.20.1-1-g8b1a95d (webtiles) character file.

107 Lanoc the Sneak (level 4, -2/40 HPs)
             Began as a Deep Dwarf Assassin on Dec 1, 2017.
             Slain by an orc wizard
             ... wielding a +0 dagger
              (3 damage)
             ... on level 3 of the Dungeon.
             The game lasted 00:06:57 (1452 turns).

Lanoc the Sneak (Deep Dwarf Assassin)               Turns: 1452, Time: 00:06:58

Health: -2/40      AC:  3    Str: 15    XL:     4   Next: 57%
Magic:  4/4        EV: 13    Int: 11    God:
Gold:   86         SH:  0    Dex: 15    Spells: 3/3 levels left

rFire    . . .     SeeInvis .   a - +2 dagger
rCold    . . .     Gourm    .   (no shield)
rNeg     . . .     Faith    .   c - +0 robe
rPois    .         Spirit   .   (no helmet)
rElec    .         Reflect  .   d - +0 cloak
rCorr    .         Harm     .   (no gloves)
MR       .....                  (no boots)
Stlth    +.........             (no amulet)
Regen    0.0/turn               (no ring)
MPRegen  0.1/turn               (no ring)

@: confused, non-regenerating
A: damage resistance, heal wounds, sense surroundings 1, no regeneration
a: Heal Wounds


You were on level 3 of the Dungeon.
You were not hungry.

You visited 1 branch of the dungeon, and saw 3 of its levels.

You collected 86 gold pieces.

Inventory:

Hand Weapons
 a - a +2 dagger (weapon)
 b - a +0 blowgun
Missiles
 e - 26 poisoned needles
 f - 2 curare-tipped needles
Armour
 c - a +0 robe (worn)
 d - a +0 cloak (worn)
Scrolls
 h - a scroll of teleportation
 l - 2 scrolls of identify {unknown}
 n - 3 scrolls of remove curse
 q - a scroll of recharging {unknown}
 r - 2 scrolls of noise {unknown}
Potions
 m - a potion of ambrosia {unknown}
 o - a potion of agility
Comestibles
 g - a bread ration
 i - 2 royal jellies
 j - a fruit
 k - 4 meat rations
 p - 3 chunks of flesh


   Skills:
 + Level 2.5 Fighting
 + Level 2.4 Short Blades
 - Level 1.7 Throwing
 + Level 2.1 Dodging
 * Level 6.1 Stealth


You had 3 spell levels left.
You didn't know any spells.

Dungeon Overview and Level Annotations

Branches:
Dungeon (3/15)

Altars:
Yredelemnul


Innate Abilities, Weirdness & Mutations

You are resistant to damage.
You can heal yourself by infusing magical energy.
You passively map a small area around you.
You do not regenerate.


Message History

The gnoll throws a throwing net.
The throwing net closely misses you. Something barely misses you.
You closely miss something. You hit something. Something hits you. x2
* * * LOW HITPOINT WARNING * * *
Something barely misses you.
You hit the orc.
The orc is severely wounded.
The orc closely misses you.
You hear some strange, mumbled words.
A puff of frost appears from out of thin air!
The puff of frost misses you.
The puff of frost hits something.
The gnoll hits you from afar with a halberd.
* * * LOW HITPOINT WARNING * * *
Something hits you.
You hear some strange, mumbled words.
You are confused.
Something hits you.
You die...

* #..%.......## ,..........#....
#...........+ ,.......).....##
#..........# .......###...##
#..........#####+####.###.....
,,+................ ...........#
###......(..g########.....#..).#
*#...........ggg(o##............#
#...)........####.##.##....#)#...
#..#.........##.@..........#...##
"? #.##+#########.#..##....#.#.##
#, #. ,* #.....#....#.#... .., ,
####.##.....[..## ,.#,
#...........#.# ..
##..#.#.<...#.# , #..........#.#
, ..............#.#
#####.#......##.#


You could see an orc.

Vanquished Creatures
  Natasha (D:2)
  An adder (D:2)
  2 oozes
  4 worms (D:2)
  2 dart slugs
  2 leopard geckos
  2 orcs (D:3)
  A giant cockroach (D:1)
  9 goblins
  3 hobgoblins
  8 kobolds
  4 bats
  5 frilled lizards
  4 rats
48 creatures vanquished.

Notes
Turn   | Place    | Note
-------+----------+-------------------------------------------
     0 | D:1      | Lanoc the Deep Dwarf Assassin began the quest for the Orb.
     0 | D:1      | Reached XP level 1. HP: 19/19 MP: 1/1
   109 | D:1      | Reached skill level 5 in Stealth
   245 | D:1      | Reached XP level 2. HP: 24/26 MP: 2/2
   751 | D:2      | Found a basalt altar of Yredelemnul.
   816 | D:2      | Reached XP level 3. HP: 24/32 MP: 3/3
  1256 | D:2      | Noticed Natasha
  1258 | D:2      | Killed Natasha
  1258 | D:2      | Reached skill level 6 in Stealth
  1258 | D:2      | Reached XP level 4. HP: 18/40 MP: 4/4
  1451 | D:3      | HP: 1/40 [gnoll/halberd (5)]
  1452 | D:3      | Slain by an orc wizard

Skill      XL: |  1  2  3 |
---------------+----------+-----
Stealth        | 5 6 |  6.1
Fighting       | 2 |  2.5
Short Blades   | 2 |  2.4
Dodging        | 2 |  2.1
Throwing       | |  1.7

Action                   |  1- 3 |  4- 6 || total
-------------------------+-------+-------++-------
Melee: Dagger            |    97 |    37 ||   134
  Use: Scroll            |     2 |       ||     2
       Potion            |     3 |       ||     3
 Stab: Sleeping          |    13 |     2 ||    15
       Invisible         |     2 |       ||     2
  Eat: Chunk             |     1 |     1 ||     2
Armor: Robe              |    13 |     5 ||    18
Dodge: Dodged            |    44 |    22 ||    66
